 Dungeon Crawl Stone Soup version 0.32-a0-473-gd044c6f0f0 (webtiles) character file.

Game seed: 4071032221149379245

444 whatisthis the Covert (level 6, 0/28 HPs)
             Began as a Spriggan Enchanter on Feb 25, 2024.
             Shot with an arrow by a centaur (14 damage)
             ... on level 6 of the Dungeon.
             The game lasted 00:14:04 (4515 turns).

whatisthis the Covert (Spriggan Enchanter)          Turns: 4515, Time: 00:14:05

Health: 0/28       AC:  2    Str:  4    XL:     6   Next: 72%
Magic:  11/11      EV: 19    Int: 16    God:
Gold:   280        SH:  0    Dex: 18    Spells: 10/10 levels left

rFire   . . .        a - +1 dagger
rCold   . . .        (no shield)
rNeg    . . .        b - +0 robe
rPois   .            (helmet restricted)
rElec   .            (no cloak)
rCorr   .            (gloves unavailable)
SInv    +            (boots unavailable)
Will    ++...        (no amulet)
Stlth   ++++         u - ring of willpower
HPRegen 0.24/turn    (no ring)
MPRegen 0.12/turn

%: no passive effects
@: studying Throwing, very quick
A: very small, no large weapons, unfitting armour, see invisible, speed 3
a: no special abilities


You were on level 6 of the Dungeon.
You visited 1 branch of the dungeon, and saw 6 of its levels.

You collected 280 gold pieces.

Inventory:

Hand Weapons
 a - a +1 dagger (weapon)
Missiles
 d - 6 poisoned darts (quivered)
Armour
 b - a +0 robe (worn)
 e - a +0 buckler
Jewellery
 u - a ring of willpower (left hand)
Wands
 s - a wand of roots (7)
Scrolls
 f - a scroll of enchant armour {unknown}
 g - 2 scrolls of revelation {unknown}
 j - 2 scrolls of brand weapon {unknown}
 l - 2 scrolls of vulnerability {unknown}
 m - 2 scrolls of noise {unknown}
 v - a scroll of silence {unknown}
Potions
 c - 2 potions of invisibility
 h - a potion of degeneration {unknown}
 i - a potion of cancellation {unknown}
 k - 2 potions of enlightenment {unknown}
 n - a potion of heal wounds {unknown}
 o - 2 potions of curing {unknown}
 p - 2 potions of might {unknown}
 q - a potion of ambrosia {unknown}
 r - 2 potions of berserk rage {unknown}
 t - a potion of magic {unknown}


   Skills:
 + Level 5.2 Short Blades
 - Level 3.9 Dodging
 + Level 8.6 Stealth
 - Level 2.6 Spellcasting
 - Level 3.6 Hexes


You had 10 spell levels left.
You didn't know any spells.
Your spell library contained the following spells:

 Spells                   Type           Power      Damage    Failure   Level
 Confusing Touch          Hex            13%        N/A       13%         3
 Tukima's Dance           Hex            13%        N/A       13%         3
 Ensorcelled Hibernation  Hex/Ice        14%        N/A       14%         2
 Dazzling Flash           Conj/Hex       14%        N/A       28%         3


Dungeon Overview and Level Annotations

Branches:
Dungeon (6/15)
 Temple: D:4-7

Altars:
Dithmenos
Elyvilon
Makhleb
Okawaru
Beogh

Annotations:
D:5 Sigmund


Innate Abilities, Weirdness & Mutations

You are very small and have problems with some larger weapons.
You are too small for most types of armour.
You have supernaturally acute eyesight. (SInv)
You cover ground extremely quickly. (Speed+++)


Message History

You perforate the shadow imp like a sieve!!!
You kill the shadow imp!
Found 4 stones.
You see here 4 stones.
Found a marble ring.
u - a ring of willpower
There are no items here.
u - a ring of willpower (left hand)
You are not religious.
Unknown command.
Found 14 gold pieces.
Found a short sword.
You now have 270 gold pieces (gained 14).
Found a scroll labelled CYHACL VEOWU.
Found a stone staircase leading down.
Found a kite shield.
Found 10 gold pieces. 2 centaurs come into view.
Found a manual of Throwing.
You see here a scroll labelled CYHACL VEOWU.
v - a scroll labelled CYHACL VEOWU The centaur shouts!
The centaur wields a +0 orcbow.
The centaur shoots an arrow.
The arrow hits you.
The centaur shoots an arrow.
The arrow closely misses you.
You see here a +0 short sword.
The centaur shoots an arrow.
The arrow closely misses you.
You pick up a manual of Throwing and begin studying.
You now have 280 gold pieces (gained 10).
The centaur shoots an arrow.
The arrow completely misses you.
The centaur shoots an arrow.
The arrow misses you.
The centaur shoots an arrow.
The arrow misses you.
The centaur shouts!
The centaur wields a +0 orcbow.
The centaur shoots an arrow.
The arrow hits you!
The centaur shoots an arrow.
The arrow hits you!
The centaur shoots an arrow.
The arrow completely misses you.
The centaur shoots an arrow.
The arrow hits you!
Ouch! That really hurt!
You die...

.# ##+##### .#
#......# #.#
#......####.#####
###......'cc......#
........ ###.##.##
###..##+#####..#.###
...................#
####..#.#....c.[@#.#
####..#.#..##.##...#
..........##...##..#
####.##.#.#.#...#..#
#.##.....#.#...##
#.##...#...#.#.#
#.##>..##...##.#
####.####..##.##..#
.....####........##


You could see 2 centaurs.

Vanquished Creatures
  A centaur (D:6)
  2 scorpions (D:5)
  3 hounds
  5 adders
  A shadow imp (D:6)
  2 ufetubi (D:4)
  A dart slug (D:3)
  3 ribbon worms
  8 orcs
  5 ball pythons
  5 bats
  7 endoplasms
  2 giant cockroaches
  8 goblins
  8 hobgoblins
  2 jackals (D:3)
  5 quokkas
  4 frilled lizards
  7 kobolds
  3 rats
82 creatures vanquished.

Notes
Turn   | Place    | Note
-------+----------+-------------------------------------------
     0 | D:1      | whatisthis the Spriggan Enchanter began the quest for the
                  | Orb.
     0 | D:1      | Reached XP level 1. HP: 9/9 MP: 5/5
   346 | D:1      | Reached XP level 2. HP: 11/13 MP: 6/6
   745 | D:2      | Reached skill level 5 in Stealth
   879 | D:2      | Reached XP level 3. HP: 12/16 MP: 8/8
  1880 | D:3      | Reached XP level 4. HP: 20/21 MP: 9/9
  2191 | D:3      | Found a shadowy altar of Dithmenos.
  2192 | D:3      | Found a burning altar of Makhleb.
  2380 | D:3      | Found a roughly hewn altar of Beogh.
  2649 | D:4      | Reached skill level 6 in Stealth
  3079 | D:4      | Reached XP level 5. HP: 24/24 MP: 10/10
  3091 | D:4      | Found a white marble altar of Elyvilon.
  3177 | D:4      | Found an iron altar of Okawaru.
  3380 | D:4      | Reached skill level 7 in Stealth
  3453 | D:5      | Entered Level 5 of the Dungeon
  3480 | D:5      | Noticed a lemure
  3637 | D:5      | Noticed an ice beast
  3702 | D:5      | Reached XP level 6. HP: 21/28 MP: 11/11
  3753 | D:5      | Noticed Sigmund
  3792 | D:5      | Reached skill level 8 in Stealth
  4336 | D:6      | Reached skill level 5 in Short Blades
  4515 | D:6      | Shot with an arrow by a centaur

Illustrated notes

Levels and vault maps discovered:
D:1:      wander_arrival_lonely_grave, layout_basic
D:2:      layout_basic, grunt_decor_one_mirror
D:3:      minmay_skewed_foursquare, layout_loops_corners,
          mainiacjoe_overflow_divided_tiny, kennysheep_orc_chapel
D:4:      layout_gridville, jmf_multi_god_temple2
D:5:      layout_basic, serial_glass, glass_columns_a, glass_columns_a,
          glass_columns_c, glass_columns_a, glass_columns_a, glass_columns_a,
          serial_shops, shop, dreamdust_mushroom_princess, hangedman_decor_push,
          uniq_pikel, uniq_sigmund
D:6:      layout_basic, serial_shops, shop, minmay_door_square,
          kennysheep_small_spiral, minmay_manual_mares, uniq_prince_ribbit1,
          uniq_menkaure

Skill      XL: |  1  2  3  4  5  6 |
---------------+-------------------+-----
Dodging        | 3 |  3.9
Stealth        | 5 6 7 8 |  8.6
Short Blades   | 2 3 4 5 |  5.2
Spellcasting   | |  2.6
Hexes          | |  3.6

Action                     |  1- 3 |  4- 6 || total
---------------------------+-------+-------++-------
  Melee: Dagger            |   161 |   141 ||   302
  Throw: Dart              |     7 |    20 ||    27
   Stab: Distracted        |     1 |       ||     1
         Sleeping          |    11 |    19 ||    30
 Armour: Robe              |    28 |    40 ||    68
  Dodge: Dodged            |   111 |    98 ||   209

Table legend: (Time is in decaauts)
 A = Elapsed time spent in this place.
 B = Non-inter-level travel time spent in this place.
 C = Inter-level travel time spent in this place.
 D = Time resting spent in this place.
 E = Time spent auto-exploring this place.
 F = Levels seen in this place.
 G = Mean time per level.
                   A        B        C        D        E       F      G
               +--------+--------+--------+--------+--------+-----+--------+
         Total |   3109 |   3025 |     84 |    527 |    930 |   6 |  518.2 |
       Dungeon |   3109 |   3025 |     84 |    527 |    930 |   6 |  518.2 |
               +--------+--------+--------+--------+--------+-----+--------+

Top non-repeatable levels by time:
     D:4: 724 daAuts
     D:3: 631 daAuts
     D:2: 588 daAuts
     D:5: 582 daAuts
     D:1: 471 daAuts
     D:6: 110 daAuts
